 Dungeon Sprint DCSS version 0.29.1-1-gd02db6906a (webtiles) character file.

Game seed: 18061116007821087097

72000000 Ofeo the Axe Maniac (level 27, -5/228 HPs)
             Began as a Djinni Warper on Sept 17, 2022.
             Was the Champion of Makhleb.
             Slain by a vile
             ... wielding a +0 flail
              (42 damage)
             ... in the Dungeon (Sprint VIII: "Arena of Blood").
             The game lasted 00:04:57 (720 turns).

Ofeo the Axe Maniac (Djinni Warper)                  Turns: 720, Time: 00:04:58

Health: -5/228     AC:  6    Str: 10    XL:     27
Gold:   0          EV: 27    Int: 26    God:    Makhleb [******] SH:  0 Dex: 16

rFire   + + .      SeeInvis +   d - +∞ Axe of Woe
rCold   x . .      Faith    .   (shield currently unavailable)
rNeg    . . .      Spirit   .   a - +0 leather armour
rPois   ∞          Reflect  .   (no helmet)
rElec   .          Harm     .   (no cloak)
rCorr   .          Rampage  .   (no gloves)
Will    ++...      NoTele   +   (boots unavailable)
Stlth   +.........              (no amulet)
HPRegen 0.48/turn               e - ring of see invisible
MPRegen 0.00/turn               (no ring)

@: confused, flying, hasted, very quick
A: sickness immunity, fire resistance 2, cold vulnerability 1, float, innate
caster, HP casting, extra vitality 1
0: Orb of Zot
}: 1/15 runes: slimy
a: Renounce Religion, Minor Destruction, Lesser Servant of Makhleb, Major
Destruction, Greater Servant of Makhleb


You were in the Dungeon.
You worshipped Makhleb.
Makhleb was exalted by your worship.
You visited 1 branch

Inventory:

Hand Weapons
 d - the +∞ Axe of Woe (weapon)
   (You found it in the Dungeon)
Missiles
 c - 7 boomerangs of dispersal
Armour
 a - a +0 leather armour (worn)
Jewellery
 e - a ring of see invisible (left hand)
Scrolls
 b - 2 scrolls of blinking {@r4}
Potions
 g - a potion of berserk rage


   Skills:
 O Level 27 Fighting
 O Level 27 Short Blades
 O Level 27 Long Blades
 O Level 27 Axes
 O Level 27 Maces & Flails
 O Level 27 Polearms
 O Level 27 Staves
 O Level 27 Ranged Weapons
 O Level 27 Throwing
 O Level 27 Armour
 O Level 27 Dodging
 O Level 27 Stealth
 O Level 27 Shields
 O Level 27 Unarmed Combat
 O Level 27 Spellcasting
 O Level 27 Invocations
 O Level 27 Evocations


You couldn't memorise any spells.
You knew the following spells:

 Your Spells              Type           Power      Damage    Failure   Level
a - Blink                 Tloc           100%       N/A       0%          2
b - Lesser Beckoning      Tloc           100%       N/A       0%          3
c - Gell's Gravitas       Tloc           100%       N/A       0%          3
d - Teleport Other        Tloc           100%       N/A       0%          3
e - Manifold Assault      Tloc           100%       N/A       0%          5
f - Sting                 Tmut/Pois      100%       1d8       0%          1
g - Poisonous Vapours     Pois/Air       100%       N/A       0%          2
h - Ozocubu's Armour      Ice            100%       N/A       0%          3
i - Stone Arrow           Conj/Erth      100%       3d13      0%          3
j - Blade Hands           Tmut           54%        N/A       0%          5
k - Lightning Bolt        Conj/Air       54%        1d75      0%          5
l - Starburst             Conj/Fire      54%        6d15      0%          6
m - Spellforged Servitor  Conj/Summ      54%        N/A       0%          7
n - Statue Form           Tmut/Erth      72%        N/A       0%          6
o - Dragon Form           Tmut           54%        N/A       0%          7
p - Ozocubu's Refrigerat  Ice            54%        4d19      0%          7
q - Lehudib's Crystal Sp  Conj/Erth      54%        10d13     1%          8
r - Polar Vortex          Ice            54%        N/A       1%          9
Your spell library was empty.

Dungeon Overview and Level Annotations

Branches:
Dungeon (1/1)

Altars:
Makhleb


Innate Abilities, Weirdness & Mutations

You are immune to sickness and miasma.
You are immune to poison.
Your flesh is very heat resistant. (rF++)
You are vulnerable to cold. (rC-)
You float through the air rather than walking.
You learn spells naturally, not from books.
Your magical power is your life essence.
You have superior vitality. (+4 MHP)


Message History

MASSIVE DAMAGE!!
You hit the vile but do no damage.
You fatally mangle the vile.
You destroy the vile!
Makhleb accepts your kill.
You feel better.
You hit the vile.
You slaughter the vile joyfully.
You destroy the vile!
Makhleb accepts your kill.
You feel better. The vile throws damnation at you.
The sphere of damnation explodes!
The damnation engulfs you! The vile throws damnation at you.
The sphere of damnation explodes!
The damnation engulfs you!!
You hear a shout!
The vile throws damnation at you.
The sphere of damnation explodes!
The damnation engulfs you!!
You are more confused.
A vile comes into view. It is wielding a +0 flail.
A vile comes into view. It is wielding a +0 dire flail.
You hear a shout!
A vile comes into view. It is wielding a +0 morningstar.
You hear a shout!
You regained 55 hp, and now have 127/228 hp.
You bump into the rock wall.
A vile comes into view. It is wielding a +0 flail.
Some rock shatters into small pieces.
A vile comes into view. It is wielding a +0 flail.
You are more confused.
The vile hits you with a +0 flail.
You are engulfed in flames!!
You resist.
You hear a shout! x2
You take 34 damage, and have 93/228 hp.
You're too confused to move!
A vile comes into view. It is wielding a +0 mace. x2
Some rock shatters into small pieces. x2; The vile hits you with a +0 mace!
You are engulfed in flames!!
You resist.
* * * LOW HITPOINT WARNING * * *
You hear a shout!
The vile hits you with a +0 flail!
* * * LOW HITPOINT WARNING * * *
You are engulfed in flames!!!
You resist.
You die...

).))..).)))).))..
)999999).))))))..
.)999.9.9.....)..
))999999999)9))..
))999999999))))..
).)))99999999))#
##...O99999.####
#...999999#
#...9@9..#
##..#...## #.
.##.# # .. ..#
..# #.# .#. ##
▓▓▓▓


You could see 51 viles and a meat berserker (berserk).

Vanquished Creatures
  437 molten gargoyles (D)
  Dispater (D)
  A slime creature (D)
  20 hell knights (D)
  Sigmund (D)
  14 hell beasts (D)
  6 royal mummies (D)
  26 great orbs of eyes (D)
  24 wraiths (D)
  Harold (D)
  10 vampire knights (D)
  38 ogres (D)
  8 two-headed ogres (D)
  13 liches (D)
  30 hydras (D)
  17 phantoms (D)
  77 orcs (D)
  7 skeletal warriors (D)
  32 sea snakes (D)
763 creatures vanquished.

Notes
Turn   | Place    | Note
-------+----------+-------------------------------------------
     0 | D        | Found the +∞ Axe of Woe
     0 | D        | Ofeo the Djinni Warper began the quest for the Orb.
     0 | D        | Ofeo set off with the following spells memorised: Blink,
                  | Lesser Beckoning, Gell's Gravitas, Teleport Other, Manifold
                  | Assault.
     0 | D        | Reached XP level 1. HP: 18/18 MP: 0/0
     1 | D        | Noticed a bag of meat
     2 | D        | Noticed a bag of meat
     3 | D        | Became a worshipper of Makhleb the Destroyer
     3 | D        | Noticed a bag of meat
     4 | D        | Noticed a bag of meat
     6 | D        | Killed a bag of meat
     7 | D        | Reached XP level 2. HP: 23/23 MP: 0/0
     7 | D        | Reached XP level 3. HP: 28/28 MP: 0/0
     7 | D        | Learned a level 1 spell: Sting
     7 | D        | Reached XP level 4. HP: 33/33 MP: 0/0
     7 | D        | Reached XP level 5. HP: 38/38 MP: 0/0
     7 | D        | Learned a level 2 spell: Poisonous Vapours
     7 | D        | Reached XP level 6. HP: 43/43 MP: 0/0
     7 | D        | Reached XP level 7. HP: 49/49 MP: 0/0
     7 | D        | Learned a level 3 spell: Ozocubu's Armour
     7 | D        | Reached XP level 8. HP: 54/54 MP: 0/0
     7 | D        | Reached XP level 9. HP: 58/58 MP: 0/0
     7 | D        | Learned a level 3 spell: Stone Arrow
     7 | D        | Reached XP level 10. HP: 64/64 MP: 0/0
     7 | D        | Reached XP level 11. HP: 68/68 MP: 0/0
     7 | D        | Learned a level 5 spell: Blade Hands
     7 | D        | Noticed a bag of meat
     7 | D        | Noticed a bag of meat
     7 | D        | Noticed a bag of meat
     8 | D        | Noticed a bag of meat
     8 | D        | Noticed a bag of meat
     8 | D        | Noticed a bag of meat
     9 | D        | Noticed a bag of meat
    10 | D        | Killed a bag of meat
    10 | D        | Reached * piety under Makhleb
    10 | D        | Killed a bag of meat
    10 | D        | Noticed a bag of meat
    11 | D        | Reached XP level 12. HP: 74/74 MP: 0/0
    11 | D        | Reached XP level 13. HP: 78/78 MP: 0/0
    11 | D        | Learned a level 5 spell: Lightning Bolt
    11 | D        | Killed a bag of meat
    12 | D        | Reached skill level 27 in Axes
    12 | D        | Killed a bag of meat
    12 | D        | Reached ** piety under Makhleb
    12 | D        | Noticed a bag of meat
    13 | D        | Reached skill level 15 in Fighting
    13 | D        | Reached XP level 14. HP: 114/114 MP: 0/0
    13 | D        | Killed a bag of meat
    15 | D        | Killed a bag of meat
    15 | D        | Killed a bag of meat
    15 | D        | Reached *** piety under Makhleb
    15 | D        | Killed a bag of meat
    15 | D        | Noticed a bag of meat
    15 | D        | Noticed a meat berserker
    16 | D        | Reached XP level 15. HP: 143/143 MP: 0/0
    16 | D        | Learned a level 6 spell: Starburst
    17 | D        | Reached skill level 27 in Fighting
    18 | D        | Reached **** piety under Makhleb
    20 | D        | Reached XP level 16. HP: 154/154 MP: 0/0
    20 | D        | Killed a meat berserker
    20 | D        | Reached ***** piety under Makhleb
    21 | D        | Reached XP level 17. HP: 160/160 MP: 0/0
    21 | D        | Learned a level 7 spell: Spellforged Servitor
    21 | D        | Noticed a large bag of meat
    21 | D        | Killed a large bag of meat
    23 | D        | Reached XP level 18. HP: 167/167 MP: 0/0
    23 | D        | Noticed a large bag of meat
    24 | D        | Reached skill level 27 in Spellcasting
    25 | D        | Reached ****** piety under Makhleb
    25 | D        | Killed a large bag of meat
    26 | D        | Noticed a meat berserker
    27 | D        | Noticed a large bag of meat
    27 | D        | Killed a meat berserker
    27 | D        | Killed a large bag of meat
    27 | D        | Noticed a meat berserker
    28 | D        | Reached XP level 19. HP: 174/174 MP: 0/0
    28 | D        | Learned a level 6 spell: Statue Form
    28 | D        | Killed a meat berserker
    29 | D        | Reached skill level 27 in Stealth
    29 | D        | Noticed an eight-headed meat hydra
    29 | D        | Noticed The Servant
    30 | D        | Killed a nine-headed meat hydra
    30 | D        | Killed The Servant
    30 | D        | Noticed a meat berserker
    31 | D        | Reached XP level 20. HP: 181/181 MP: 0/0
    31 | D        | Killed a meat berserker
    32 | D        | Noticed a destroyer
    32 | D        | Noticed a meat berserker
    32 | D        | Noticed a meat berserker
    33 | D        | Killed a meat berserker
    33 | D        | Killed a destroyer
    33 | D        | Noticed a destroyer
    34 | D        | Reached skill level 27 in Maces & Flails
    34 | D        | Reached XP level 21. HP: 187/187 MP: 0/0
    34 | D        | Learned a level 7 spell: Dragon Form
    34 | D        | Killed a destroyer
    34 | D        | Killed a meat berserker
    35 | D        | Reached skill level 27 in Armour
    35 | D        | Reached XP level 22. HP: 194/194 MP: 0/0
    36 | D        | Noticed a destroyer
    36 | D        | Killed a destroyer
    39 | D        | Noticed a destroyer
    39 | D        | Noticed a large bag of meat
    40 | D        | Killed a large bag of meat
    41 | D        | Noticed a destroyer
    42 | D        | Killed a destroyer
    43 | D        | Reached skill level 27 in Dodging
    43 | D        | Reached XP level 23. HP: 201/201 MP: 0/0
    43 | D        | Learned a level 7 spell: Ozocubu's Refrigeration
    43 | D        | Killed a destroyer
    52 | D        | Reached skill level 27 in Polearms
    52 | D        | Noticed a tyrant
    52 | D        | Killed a tyrant
    53 | D        | Reached skill level 5 in Short Blades
    53 | D        | Reached skill level 5 in Long Blades
    53 | D        | Reached skill level 5 in Staves
    53 | D        | Reached skill level 5 in Ranged Weapons
    53 | D        | Reached skill level 5 in Throwing
    60 | D        | Reached skill level 10 in Unarmed Combat
    60 | D        | Reached XP level 24. HP: 208/208 MP: 0/0
    62 | D        | Reached skill level 10 in Short Blades
    62 | D        | Reached skill level 10 in Long Blades
    62 | D        | Reached skill level 10 in Staves
    64 | D        | Noticed a dread
    64 | D        | Killed a dread
    68 | D        | Noticed a meat beast
    68 | D        | Killed a meat beast
    69 | D        | Reached skill level 15 in Short Blades
    69 | D        | Reached skill level 15 in Long Blades
    69 | D        | Reached skill level 15 in Staves
    69 | D        | Reached XP level 25. HP: 214/214 MP: 0/0
    69 | D        | Learned a level 8 spell: Lehudib's Crystal Spear
    73 | D        | Reached skill level 15 in Ranged Weapons
    73 | D        | Reached skill level 15 in Throwing
    73 | D        | Noticed a meat beast
    73 | D        | Killed a meat beast
    73 | D        | Noticed a large bag of meat
    74 | D        | Reached XP level 26. HP: 211/221 MP: 0/0
    74 | D        | Killed a large bag of meat
    76 | D        | Noticed a meat beast
    76 | D        | Killed a meat beast
    77 | D        | Reached XP level 27. HP: 228/228 MP: 0/0
    77 | D        | Learned a level 9 spell: Polar Vortex
    78 | D        | Noticed a meat beast
    79 | D        | Killed a meat beast
    82 | D        | Noticed a meat beast
    83 | D        | Killed a meat beast
    84 | D        | Reached skill level 27 in Shields
    84 | D        | Reached skill level 27 in Unarmed Combat
    84 | D        | Reached skill level 27 in Invocations
    84 | D        | Reached skill level 27 in Evocations
    85 | D        | Noticed a dread
    86 | D        | Killed a dread
    87 | D        | Reached skill level 27 in Short Blades
    87 | D        | Reached skill level 27 in Long Blades
    87 | D        | Reached skill level 27 in Staves
    87 | D        | Reached skill level 27 in Throwing
    92 | D        | Noticed a tyrant
    92 | D        | Killed a tyrant
    93 | D        | Reached skill level 27 in Ranged Weapons
   101 | D        | Noticed an accursed
   101 | D        | Killed an accursed
   103 | D        | Noticed an accursed
   103 | D        | Killed an accursed
   110 | D        | Noticed a tyrant
   111 | D        | Killed a tyrant
   118 | D        | Noticed a fleshlord
   119 | D        | Killed a fleshlord
   125 | D        | Noticed a fleshlord
   125 | D        | Killed a fleshlord
   127 | D        | Noticed an accursed
   128 | D        | Killed an accursed
   128 | D        | Noticed a fleshlord
   129 | D        | Killed a fleshlord
   132 | D        | Noticed a fleshlord
   133 | D        | Killed a fleshlord
   134 | D        | Noticed an accursed
   135 | D        | Killed an accursed
   139 | D        | Noticed a fleshlord
   140 | D        | Killed a fleshlord
   142 | D        | Noticed a fleshlord
   143 | D        | Killed a fleshlord
   145 | D        | Noticed a tyrant
   146 | D        | Killed a tyrant
   147 | D        | Noticed a meat beast
   147 | D        | Killed a meat beast
   149 | D        | Noticed a dread
   150 | D        | Killed a dread
   156 | D        | Noticed a meat beast
   156 | D        | Killed a meat beast
   162 | D        | Noticed a tyrant
   163 | D        | Killed a tyrant
   163 | D        | Noticed a large bag of meat
   164 | D        | Killed a large bag of meat
   170 | D        | Noticed a fleshlord
   171 | D        | Killed a fleshlord
   174 | D        | Noticed a tyrant
   175 | D        | Killed a tyrant
   185 | D        | Noticed a dread
   186 | D        | Killed a dread
   187 | D        | Noticed a fleshlord
   187 | D        | Noticed a dread
   188 | D        | Killed a dread
   188 | D        | Killed a fleshlord
   188 | D        | Noticed a fleshlord
   189 | D        | Killed a fleshlord
   196 | D        | Noticed a fleshlord
   196 | D        | Killed a fleshlord
   207 | D        | Noticed a tyrant
   208 | D        | Killed a tyrant
   210 | D        | Noticed a dread
   210 | D        | Killed a dread
   213 | D        | Noticed a dread
   213 | D        | Killed a dread
   217 | D        | Noticed a dread
   218 | D        | Noticed a vile
   218 | D        | Killed a dread
   218 | D        | Killed a vile
   221 | D        | Noticed a vile
   221 | D        | Killed a vile
   221 | D        | Noticed a dread
   222 | D        | Noticed a vile
   222 | D        | Killed a vile
   223 | D        | Killed a dread
   226 | D        | Noticed a vile
   227 | D        | Killed a vile
   231 | D        | Noticed a vile
   232 | D        | Killed a vile
   233 | D        | Noticed a vile
   233 | D        | Killed a vile
   236 | D        | Noticed a vile
   237 | D        | Killed a vile
   238 | D        | Noticed a vile
   239 | D        | Killed a vile
   240 | D        | Noticed a fleshlord
   240 | D        | Noticed a fleshlord
   241 | D        | Killed a fleshlord
   241 | D        | Killed a fleshlord
   241 | D        | Noticed a vile
   242 | D        | Killed a vile
   242 | D        | Noticed a fleshlord
   242 | D        | Noticed a vile
   243 | D        | Killed a vile
   243 | D        | Killed a fleshlord
   243 | D        | Noticed a dread
   244 | D        | Killed a dread
   250 | D        | Noticed a dread
   250 | D        | Killed a dread
   252 | D        | Noticed a dread
   253 | D        | Killed a dread
   254 | D        | Noticed a destroyer
   254 | D        | Noticed a dread
   255 | D        | Killed a dread
   255 | D        | Killed a destroyer
   256 | D        | Noticed a fleshlord
   256 | D        | Killed a fleshlord
   256 | D        | Noticed a destroyer
   257 | D        | Noticed a dread
   257 | D        | Killed a destroyer
   257 | D        | Killed a dread
   257 | D        | Noticed a dread
   258 | D        | Killed a dread
   259 | D        | Noticed a dread
   259 | D        | Killed a dread
   262 | D        | Noticed a meat beast
   262 | D        | Noticed a meat beast
   262 | D        | Noticed a fleshlord
   263 | D        | Noticed a fleshlord
   263 | D        | Killed a meat beast
   263 | D        | Killed a fleshlord
   263 | D        | Killed a fleshlord
   264 | D        | Killed a meat beast
   264 | D        | Noticed a fleshlord
   264 | D        | Noticed a vile
   265 | D        | Noticed a vile
   265 | D        | Killed a vile
   265 | D        | Killed a vile
   265 | D        | Killed a fleshlord
   266 | D        | Noticed a meat beast
   267 | D        | Killed a meat beast
   269 | D        | Noticed a vile
   269 | D        | Killed a vile
   269 | D        | Noticed a vile
   269 | D        | Noticed a fleshlord
   270 | D        | Noticed a vile
   270 | D        | Killed a fleshlord
   270 | D        | Killed a vile
   270 | D        | Killed a vile
   271 | D        | Noticed a vile
   271 | D        | Killed a vile
   272 | D        | Noticed a vile
   273 | D        | Killed a vile
   274 | D        | Noticed a vile
   274 | D        | Killed a vile
   274 | D        | Noticed a vile
   275 | D        | Killed a vile
   279 | D        | Noticed a vile
   279 | D        | Noticed a vile
   279 | D        | Killed a vile
   279 | D        | Killed a vile
   280 | D        | Noticed a vile
   280 | D        | Killed a vile
   284 | D        | Noticed a vile
   284 | D        | Killed a vile
   284 | D        | Noticed a vile
   285 | D        | Killed a vile
   287 | D        | Noticed a meat beast
   288 | D        | Killed a meat beast
   292 | D        | Noticed a vile
   293 | D        | Killed a vile
   304 | D        | Noticed a vile
   304 | D        | Killed a vile
   305 | D        | Noticed a vile
   305 | D        | Killed a vile
   307 | D        | Noticed a vile
   307 | D        | Killed a vile
   308 | D        | Noticed a vile
   308 | D        | Killed a vile
   309 | D        | Noticed a vile
   309 | D        | Noticed a vile
   309 | D        | Killed a vile
   309 | D        | Killed a vile
   309 | D        | Noticed a vile
   309 | D        | Noticed a vile
   309 | D        | Noticed a tyrant
   310 | D        | Killed a vile
   310 | D        | Killed a vile
   310 | D        | Killed a tyrant
   310 | D        | Noticed a vile
   311 | D        | Killed a vile
   311 | D        | Noticed a vile
   312 | D        | Killed a vile
   312 | D        | Noticed a vile
   312 | D        | Noticed a vile
   313 | D        | Killed a vile
   313 | D        | Killed a vile
   314 | D        | Noticed a vile
   315 | D        | Noticed a tyrant
   316 | D        | Noticed a vile
   316 | D        | Killed a vile
   316 | D        | Killed a tyrant
   316 | D        | Noticed a vile
   317 | D        | Killed a vile
   318 | D        | Noticed a vile
   318 | D        | Killed a vile
   319 | D        | Noticed a vile
   319 | D        | Killed a vile
   319 | D        | Noticed a vile
   319 | D        | Noticed a vile
   320 | D        | Killed a vile
   320 | D        | Killed a vile
   320 | D        | Noticed a vile
   321 | D        | Killed a vile
   324 | D        | Noticed a vile
   324 | D        | Noticed a vile
   324 | D        | Killed a vile
   324 | D        | Killed a vile
   324 | D        | Noticed a vile
   325 | D        | Killed a vile
   326 | D        | Noticed a vile
   326 | D        | Killed a vile
   330 | D        | Noticed a vile
   330 | D        | Killed a vile
   330 | D        | Noticed a vile
   331 | D        | Killed a vile
   332 | D        | Noticed a vile
   332 | D        | Killed a vile
   334 | D        | Noticed a vile
   334 | D        | Killed a vile
   334 | D        | Noticed a vile
   334 | D        | Noticed an accursed
   334 | D        | Noticed a vile
   335 | D        | Killed a vile
   335 | D        | Killed an accursed
   335 | D        | Killed a vile
   335 | D        | Noticed a vile
   336 | D        | Killed a vile
   338 | D        | Noticed a vile
   339 | D        | Killed a vile
   340 | D        | Noticed a vile
   340 | D        | Killed a vile
   341 | D        | Noticed a vile
   342 | D        | Killed a vile
   342 | D        | Noticed a destroyer
   343 | D        | Killed a destroyer
   343 | D        | Noticed a vile
   344 | D        | Killed a vile
   344 | D        | Killed a vile
   346 | D        | Noticed a vile
   346 | D        | Killed a vile
   347 | D        | Noticed a vile
   347 | D        | Killed a vile
   347 | D        | Noticed a vile
   348 | D        | Noticed a vile
   348 | D        | Killed a vile
   348 | D        | Killed a vile
   350 | D        | Noticed a vile
   350 | D        | Noticed a vile
   351 | D        | Killed a vile
   351 | D        | Killed a vile
   352 | D        | Noticed a vile
   352 | D        | Killed a vile
   355 | D        | Noticed a vile
   355 | D        | Killed a vile
   355 | D        | Noticed a vile
   356 | D        | Killed a vile
   356 | D        | Noticed a vile
   357 | D        | Killed a vile
   358 | D        | Noticed a vile
   359 | D        | Noticed a vile
   359 | D        | Killed a vile
   359 | D        | Killed a vile
   360 | D        | Noticed a vile
   360 | D        | Noticed a vile
   361 | D        | Killed a vile
   361 | D        | Killed a vile
   362 | D        | Noticed a vile
   362 | D        | Killed a vile
   363 | D        | Noticed a vile
   363 | D        | Killed a vile
   365 | D        | Noticed a vile
   366 | D        | Killed a vile
   368 | D        | Noticed a vile
   369 | D        | Noticed a vile
   369 | D        | Killed a vile
   369 | D        | Killed a vile
   370 | D        | Noticed a vile
   371 | D        | Noticed a vile
   371 | D        | Killed a vile
   371 | D        | Killed a vile
   374 | D        | Noticed a vile
   375 | D        | Killed a vile
   376 | D        | Noticed a vile
   377 | D        | Noticed a vile
   377 | D        | Killed a vile
   377 | D        | Killed a vile
   377 | D        | Noticed a vile
   378 | D        | Killed a vile
   378 | D        | Noticed a fleshlord
   378 | D        | Noticed a vile
   379 | D        | Killed a vile
   379 | D        | Killed a fleshlord
   380 | D        | Noticed a vile
   380 | D        | Killed a vile
   380 | D        | Noticed a vile
   380 | D        | Noticed a vile
   381 | D        | Killed a vile
   381 | D        | Killed a vile
   382 | D        | Noticed a vile
   383 | D        | Killed a vile
   386 | D        | Noticed a vile
   387 | D        | Noticed a vile
   387 | D        | Noticed a vile
   387 | D        | Killed a vile
   387 | D        | Killed a vile
   387 | D        | Killed a vile
   389 | D        | Noticed a vile
   389 | D        | Noticed a destroyer
   390 | D        | Noticed a vile
   390 | D        | Killed a destroyer
   390 | D        | Killed a vile
   390 | D        | Killed a vile
   390 | D        | Noticed a vile
   391 | D        | Killed a vile
   391 | D        | Noticed a vile
   391 | D        | Noticed a vile
   391 | D        | Noticed a vile
   392 | D        | Noticed a vile
   392 | D        | Killed a vile
   392 | D        | Killed a vile
   392 | D        | Killed a vile
   392 | D        | Killed a vile
   392 | D        | Noticed a vile
   392 | D        | Noticed a vile
   392 | D        | Noticed a vile
   392 | D        | Noticed a vile
   392 | D        | Noticed a vile
   393 | D        | Killed a vile
   393 | D        | Killed a vile
   393 | D        | Killed a vile
   393 | D        | Noticed a vile
   393 | D        | Noticed a meat beast
   393 | D        | Noticed a vile
   394 | D        | Killed a meat beast
   394 | D        | Killed a vile
   394 | D        | Killed a vile
   394 | D        | Killed a vile
   394 | D        | Noticed a vile
   395 | D        | Killed a vile
   395 | D        | Killed a vile
   395 | D        | Noticed a vile
   395 | D        | Noticed a vile
   395 | D        | Noticed a vile
   396 | D        | Killed a vile
   396 | D        | Killed a vile
   396 | D        | Killed a vile
   397 | D        | Noticed a meat beast
   397 | D        | Noticed a vile
   397 | D        | Noticed a vile
   398 | D        | Noticed a vile
   398 | D        | Killed a meat beast
   398 | D        | Killed a vile
   398 | D        | Killed a vile
   398 | D        | Killed a vile
   404 | D        | Noticed a vile
   405 | D        | Noticed a vile
   405 | D        | Killed a vile
   405 | D        | Killed a vile
   406 | D        | Noticed a vile
   406 | D        | Killed a vile
   406 | D        | Noticed a vile
   407 | D        | Killed a vile
   408 | D        | Noticed a vile
   408 | D        | Killed a vile
   408 | D        | Noticed a vile
   409 | D        | Killed a vile
   409 | D        | Noticed a vile
   410 | D        | Killed a vile
   410 | D        | Noticed a vile
   411 | D        | Killed a vile
   412 | D        | Noticed a vile
   412 | D        | Noticed a vile
   412 | D        | Killed a vile
   412 | D        | Killed a vile
   413 | D        | Noticed a vile
   413 | D        | Killed a vile
   413 | D        | Noticed a vile
   414 | D        | Killed a vile
   415 | D        | Noticed a vile
   416 | D        | Killed a vile
   417 | D        | Noticed a vile
   417 | D        | Noticed a vile
   418 | D        | Killed a vile
   420 | D        | Noticed a large bag of meat
   421 | D        | Killed a large bag of meat
   422 | D        | Noticed a vile
   422 | D        | Noticed a vile
   423 | D        | Killed a vile
   423 | D        | Killed a vile
   423 | D        | Killed a vile
   423 | D        | Noticed a vile
   423 | D        | Noticed a vile
   424 | D        | Killed a vile
   424 | D        | Killed a vile
   424 | D        | Noticed a vile
   424 | D        | Noticed a vile
   425 | D        | Killed a vile
   425 | D        | Killed a vile
   425 | D        | Noticed a vile
   425 | D        | Noticed a vile
   425 | D        | Noticed a vile
   425 | D        | Noticed a vile
   426 | D        | Killed a vile
   426 | D        | Killed a vile
   426 | D        | Killed a vile
   426 | D        | Killed a vile
   426 | D        | Noticed a vile
   427 | D        | Killed a vile
   429 | D        | Noticed a vile
   429 | D        | Killed a vile
   429 | D        | Noticed a vile
   430 | D        | Killed a vile
   430 | D        | Noticed a vile
   431 | D        | Killed a vile
   433 | D        | Noticed a vile
   434 | D        | Killed a vile
   435 | D        | Noticed a vile
   435 | D        | Killed a vile
   440 | D        | Noticed a vile
   440 | D        | Noticed a vile
   440 | D        | Killed a vile
   440 | D        | Killed a vile
   442 | D        | Noticed a vile
   442 | D        | Noticed a vile
   443 | D        | Killed a vile
   443 | D        | Killed a vile
   444 | D        | Noticed a vile
   444 | D        | Killed a vile
   444 | D        | Noticed a vile
   445 | D        | Noticed a vile
   445 | D        | Killed a vile
   445 | D        | Killed a vile
   446 | D        | Noticed a vile
   446 | D        | Killed a vile
   446 | D        | Noticed a vile
   447 | D        | Killed a vile
   448 | D        | Noticed a vile
   448 | D        | Killed a vile
   449 | D        | Noticed a vile
   449 | D        | Noticed a vile
   450 | D        | Killed a vile
   450 | D        | Killed a vile
   450 | D        | Noticed a vile
   450 | D        | Noticed a vile
   451 | D        | Killed a vile
   451 | D        | Killed a vile
   452 | D        | Noticed a vile
   452 | D        | Killed a vile
   452 | D        | Noticed a vile
   452 | D        | Noticed a dread
   453 | D        | Killed a dread
   453 | D        | Killed a vile
   454 | D        | Noticed a vile
   454 | D        | Killed a vile
   455 | D        | Noticed a vile
   455 | D        | Killed a vile
   456 | D        | Noticed a vile
   456 | D        | Killed a vile
   456 | D        | Noticed a vile
   456 | D        | Noticed a vile
   457 | D        | Killed a vile
   457 | D        | Killed a vile
   457 | D        | Noticed a vile
   457 | D        | Noticed a vile
   458 | D        | Killed a vile
   458 | D        | Killed a vile
   458 | D        | Noticed a vile
   459 | D        | Killed a vile
   460 | D        | Noticed a vile
   460 | D        | Killed a vile
   460 | D        | Noticed a vile
   461 | D        | Noticed a vile
   461 | D        | Killed a vile
   461 | D        | Killed a vile
   462 | D        | Noticed a vile
   462 | D        | Killed a vile
   463 | D        | Noticed a vile
   464 | D        | Noticed a vile
   464 | D        | Noticed a vile
   465 | D        | Killed a vile
   465 | D        | Killed a vile
   465 | D        | Killed a vile
   466 | D        | Noticed a vile
   466 | D        | Noticed a vile
   467 | D        | Killed a vile
   468 | D        | Killed a vile
   470 | D        | Noticed a vile
   470 | D        | Killed a vile
   470 | D        | Noticed a vile
   471 | D        | Noticed a vile
   471 | D        | Killed a vile
   471 | D        | Killed a vile
   471 | D        | Noticed a vile
   472 | D        | Killed a vile
   474 | D        | Noticed a vile
   474 | D        | Killed a vile
   476 | D        | Noticed a vile
   476 | D        | Killed a vile
   477 | D        | Noticed a vile
   477 | D        | Killed a vile
   478 | D        | Noticed a vile
   478 | D        | Killed a vile
   479 | D        | Noticed a vile
   479 | D        | Noticed a vile
   479 | D        | Killed a vile
   479 | D        | Killed a vile
   480 | D        | Noticed a vile
   481 | D        | Killed a vile
   481 | D        | Noticed a vile
   482 | D        | Killed a vile
   483 | D        | Noticed a vile
   483 | D        | Killed a vile
   483 | D        | Noticed a vile
   484 | D        | Noticed a vile
   484 | D        | Killed a vile
   484 | D        | Killed a vile
   486 | D        | Noticed a vile
   487 | D        | Killed a vile
   487 | D        | Noticed a vile
   488 | D        | Killed a vile
   489 | D        | Noticed a vile
   489 | D        | Killed a vile
   489 | D        | Noticed a vile
   490 | D        | Noticed a vile
   490 | D        | Killed a vile
   490 | D        | Killed a vile
   490 | D        | Noticed a vile
   491 | D        | Killed a vile
   494 | D        | Noticed a vile
   495 | D        | Killed a vile
   496 | D        | Noticed a vile
   496 | D        | Killed a vile
   497 | D        | Noticed a vile
   497 | D        | Noticed a vile
   498 | D        | Killed a vile
   498 | D        | Killed a vile
   498 | D        | Noticed a vile
   499 | D        | Killed a vile
   499 | D        | Noticed a vile
   500 | D        | Killed a vile
   501 | D        | Noticed a vile
   502 | D        | Killed a vile
   502 | D        | Noticed a vile
   503 | D        | Killed a vile
   503 | D        | Noticed a vile
   504 | D        | Killed a vile
   506 | D        | Noticed a vile
   507 | D        | Killed a vile
   507 | D        | Noticed a vile
   508 | D        | Killed a vile
   509 | D        | Noticed a vile
   510 | D        | Killed a vile
   511 | D        | Noticed a vile
   511 | D        | Killed a vile
   515 | D        | Noticed a vile
   516 | D        | Killed a vile
   517 | D        | Noticed a vile
   518 | D        | Killed a vile
   518 | D        | Noticed a vile
   519 | D        | Killed a vile
   520 | D        | Noticed a vile
   520 | D        | Noticed a vile
   521 | D        | Killed a vile
   521 | D        | Killed a vile
   523 | D        | Noticed a vile
   524 | D        | Killed a vile
   525 | D        | Noticed a vile
   526 | D        | Killed a vile
   527 | D        | Noticed a vile
   528 | D        | Killed a vile
   529 | D        | Noticed a vile
   529 | D        | Noticed a vile
   529 | D        | Noticed a vile
   530 | D        | Killed a vile
   530 | D        | Killed a vile
   530 | D        | Killed a vile
   530 | D        | Noticed a vile
   531 | D        | Killed a vile
   531 | D        | Noticed a vile
   531 | D        | Noticed a vile
   532 | D        | Killed a vile
   532 | D        | Killed a vile
   532 | D        | Noticed a vile
   532 | D        | Noticed a vile
   532 | D        | Noticed a vile
   533 | D        | Noticed a vile
   533 | D        | Killed a vile
   533 | D        | Killed a vile
   533 | D        | Killed a vile
   533 | D        | Killed a vile
   533 | D        | Noticed a vile
   534 | D        | Killed a vile
   534 | D        | Noticed a vile
   535 | D        | Killed a vile
   535 | D        | Noticed a vile
   535 | D        | Noticed a vile
   536 | D        | Killed a vile
   536 | D        | Killed a vile
   536 | D        | Noticed a vile
   537 | D        | Killed a vile
   537 | D        | Noticed a vile
   537 | D        | Noticed a dread
   537 | D        | Noticed a vile
   538 | D        | Killed a dread
   538 | D        | Killed a vile
   538 | D        | Killed a vile
   538 | D        | Noticed a vile
   538 | D        | Noticed a vile
   538 | D        | Noticed a large bag of meat
   539 | D        | Killed a vile
   539 | D        | Killed a vile
   539 | D        | Killed a large bag of meat
   539 | D        | Noticed a vile
   539 | D        | Noticed a vile
   539 | D        | Noticed a vile
   539 | D        | Noticed a vile
   540 | D        | Noticed a vile
   540 | D        | Killed a vile
   540 | D        | Killed a vile
   540 | D        | Killed a vile
   540 | D        | Killed a vile
   540 | D        | Noticed a vile
   540 | D        | Noticed a vile
   541 | D        | Killed a vile
   541 | D        | Killed a vile
   541 | D        | Killed a vile
   542 | D        | Noticed a vile
   542 | D        | Killed a vile
   542 | D        | Noticed a vile
   543 | D        | Killed a vile
   543 | D        | Noticed a vile
   544 | D        | Killed a vile
   544 | D        | Noticed a vile
   544 | D        | Noticed a vile
   545 | D        | Killed a vile
   545 | D        | Killed a vile
   545 | D        | Noticed a vile
   546 | D        | Killed a vile
   546 | D        | Noticed a vile
   547 | D        | Killed a vile
   547 | D        | Noticed a vile
   547 | D        | Noticed a vile
   548 | D        | Killed a vile
   548 | D        | Killed a vile
   549 | D        | Noticed a vile
   550 | D        | Killed a vile
   550 | D        | Noticed a vile
   550 | D        | Noticed a vile
   550 | D        | Noticed a dread
   550 | D        | Noticed a vile
   550 | D        | Noticed a vile
   551 | D        | Noticed a vile
   551 | D        | Killed a vile
   551 | D        | Killed a vile
   551 | D        | Killed a vile
   551 | D        | Killed a vile
   552 | D        | Killed a vile
   552 | D        | Killed a dread
   552 | D        | Noticed a vile
   552 | D        | Noticed a tyrant
   552 | D        | Noticed a vile
   552 | D        | Noticed a vile
   552 | D        | Noticed a vile
   553 | D        | Killed a vile
   553 | D        | Killed a vile
   553 | D        | Killed a vile
   553 | D        | Killed a vile
   554 | D        | Noticed a vile
   554 | D        | Killed a tyrant
   554 | D        | Killed a vile
   554 | D        | Noticed a destroyer
   555 | D        | Killed a destroyer
   555 | D        | Noticed a tyrant
   556 | D        | Killed a tyrant
   556 | D        | Noticed a vile
   557 | D        | Killed a vile
   557 | D        | Noticed a vile
   557 | D        | Noticed a dread
   558 | D        | Killed a vile
   558 | D        | Killed a dread
   559 | D        | Noticed a vile
   559 | D        | Noticed a vile
   559 | D        | Noticed a vile
   559 | D        | Noticed a vile
   560 | D        | Killed a vile
   560 | D        | Killed a vile
   560 | D        | Killed a vile
   560 | D        | Killed a vile
   560 | D        | Noticed a vile
   561 | D        | Killed a vile
   561 | D        | Noticed a vile
   562 | D        | Killed a vile
   562 | D        | Noticed a vile
   562 | D        | Noticed a tyrant
   562 | D        | Noticed a vile
   563 | D        | Killed a tyrant
   563 | D        | Killed a vile
   563 | D        | Killed a vile
   563 | D        | Noticed a vile
   563 | D        | Noticed a fleshlord
   563 | D        | Noticed The Unspeakable
   563 | D        | Noticed a vile
   564 | D        | Noticed a vile
   564 | D        | Killed The Unspeakable
   564 | D        | Killed a fleshlord
   564 | D        | Killed a vile
   564 | D        | Killed a vile
   564 | D        | Noticed a vile
   565 | D        | Killed a vile
   565 | D        | Killed a vile
   566 | D        | Noticed a dread
   566 | D        | Noticed a dread
   567 | D        | Killed a dread
   567 | D        | Killed a dread
   567 | D        | Noticed a vile
   568 | D        | Killed a vile
   571 | D        | Noticed a vile
   572 | D        | Killed a vile
   572 | D        | Noticed a vile
   572 | D        | Noticed a vile
   573 | D        | Noticed a vile
   573 | D        | Killed a vile
   573 | D        | Killed a vile
   573 | D        | Noticed a vile
   573 | D        | Noticed a vile
   574 | D        | Killed a vile
   574 | D        | Killed a vile
   575 | D        | Noticed a vile
   575 | D        | Killed a vile
   575 | D        | Noticed a vile
   576 | D        | Killed a vile
   576 | D        | Noticed a vile
   577 | D        | Noticed a vile
   577 | D        | Killed a vile
   577 | D        | Killed a vile
   578 | D        | Noticed a vile
   578 | D        | Killed a vile
   579 | D        | Got a slimy rune of Zot
   580 | D        | Noticed a vile
   580 | D        | Killed a vile
   580 | D        | Killed a vile
   581 | D        | Noticed a vile
   581 | D        | Noticed a vile
   582 | D        | Killed a vile
   582 | D        | Killed a vile
   583 | D        | Noticed a vile
   583 | D        | Noticed a vile
   584 | D        | Killed a vile
   584 | D        | Killed a vile
   585 | D        | Noticed a vile
   586 | D        | Killed a vile
   587 | D        | Noticed a vile
   587 | D        | Noticed a vile
   588 | D        | Killed a vile
   588 | D        | Killed a vile
   589 | D        | Noticed a vile
   589 | D        | Noticed a vile
   589 | D        | Killed a vile
   589 | D        | Killed a vile
   590 | D        | Noticed a vile
   591 | D        | Killed a vile
   594 | D        | Noticed a vile
   595 | D        | Noticed a vile
   596 | D        | Killed a vile
   597 | D        | Noticed a vile
   597 | D        | Killed a vile
   597 | D        | Noticed a vile
   598 | D        | Killed a vile
   598 | D        | Noticed a tyrant
   599 | D        | Killed a tyrant
   600 | D        | Noticed a vile
   600 | D        | Noticed a dread
   600 | D        | Noticed a vile
   601 | D        | Killed a vile
   601 | D        | Killed a vile
   601 | D        | Killed a dread
   602 | D        | Noticed a vile
   602 | D        | Noticed a vile
   603 | D        | Killed a vile
   603 | D        | Killed a vile
   603 | D        | Killed a vile
   603 | D        | Noticed a vile
   603 | D        | Noticed a vile
   604 | D        | Killed a vile
   604 | D        | Killed a vile
   605 | D        | Noticed a vile
   606 | D        | Killed a vile
   606 | D        | Noticed a vile
   607 | D        | Killed a vile
   607 | D        | Noticed a vile
   607 | D        | Noticed a vile
   607 | D        | Noticed a vile
   608 | D        | Killed a vile
   608 | D        | Killed a vile
   608 | D        | Killed a vile
   608 | D        | Noticed a vile
   608 | D        | Noticed a vile
   609 | D        | Killed a vile
   609 | D        | Killed a vile
   609 | D        | Noticed a vile
   610 | D        | Killed a vile
   610 | D        | Noticed a vile
   611 | D        | Noticed a vile
   611 | D        | Killed a vile
   611 | D        | Killed a vile
   612 | D        | Noticed a vile
   612 | D        | Killed a vile
   612 | D        | Noticed an accursed
   613 | D        | Killed an accursed
   613 | D        | Noticed a vile
   614 | D        | Noticed a vile
   614 | D        | Killed a vile
   614 | D        | Killed a vile
   614 | D        | Noticed a vile
   615 | D        | Noticed a vile
   615 | D        | Killed a vile
   615 | D        | Killed a vile
   616 | D        | Noticed a vile
   616 | D        | Noticed a vile
   617 | D        | Killed a vile
   617 | D        | Killed a vile
   617 | D        | Noticed a vile
   618 | D        | Killed a vile
   618 | D        | Noticed a vile
   618 | D        | Noticed a vile
   619 | D        | Killed a vile
   619 | D        | Killed a vile
   620 | D        | Noticed a vile
   620 | D        | Noticed a vile
   620 | D        | Killed a vile
   620 | D        | Killed a vile
   621 | D        | Noticed a vile
   621 | D        | Noticed The Captor
   622 | D        | Killed a vile
   622 | D        | Killed The Captor
   623 | D        | Noticed a vile
   623 | D        | Killed a vile
   623 | D        | Noticed a vile
   624 | D        | Killed a vile
   626 | D        | Noticed a vile
   626 | D        | Killed a vile
   626 | D        | Noticed a vile
   627 | D        | Killed a vile
   627 | D        | Noticed a vile
   628 | D        | Killed a vile
   628 | D        | Noticed a vile
   629 | D        | Noticed a vile
   629 | D        | Killed a vile
   629 | D        | Killed a vile
   630 | D        | Noticed a vile
   630 | D        | Killed a vile
   630 | D        | Noticed a vile
   631 | D        | Killed a vile
   632 | D        | Noticed a vile
   632 | D        | Killed a vile
   633 | D        | Noticed a vile
   633 | D        | Noticed a vile
   634 | D        | Killed a vile
   634 | D        | Killed a vile
   634 | D        | Noticed a vile
   635 | D        | Killed a vile
   635 | D        | Noticed a vile
   635 | D        | Noticed a vile
   636 | D        | Killed a vile
   636 | D        | Killed a vile
   636 | D        | Noticed a vile
   636 | D        | Noticed a vile
   636 | D        | Noticed a vile
   637 | D        | Killed a vile
   637 | D        | Killed a vile
   637 | D        | Killed a vile
   637 | D        | Noticed a vile
   637 | D        | Noticed a vile
   638 | D        | Killed a vile
   638 | D        | Killed a vile
   639 | D        | Noticed a vile
   639 | D        | Noticed a vile
   640 | D        | Noticed a vile
   640 | D        | Killed a vile
   640 | D        | Killed a vile
   640 | D        | Killed a vile
   640 | D        | Noticed a vile
   641 | D        | Noticed a vile
   641 | D        | Killed a vile
   641 | D        | Killed a vile
   641 | D        | Noticed a vile
   642 | D        | Noticed a vile
   642 | D        | Killed a vile
   642 | D        | Killed a vile
   643 | D        | Noticed a dread
   643 | D        | Noticed a vile
   644 | D        | Killed a vile
   644 | D        | Killed a dread
   645 | D        | Noticed a vile
   646 | D        | Noticed a vile
   646 | D        | Killed a vile
   646 | D        | Killed a vile
   646 | D        | Noticed a vile
   647 | D        | Killed a vile
   647 | D        | Noticed a vile
   648 | D        | Killed a vile
   648 | D        | Noticed a vile
   648 | D        | Noticed a vile
   649 | D        | Killed a vile
   649 | D        | Killed a vile
   649 | D        | Noticed a vile
   650 | D        | Noticed a vile
   650 | D        | Noticed a vile
   650 | D        | Killed a vile
   650 | D        | Killed a vile
   650 | D        | Killed a vile
   651 | D        | Noticed a vile
   652 | D        | Noticed a vile
   652 | D        | Killed a vile
   652 | D        | Killed a vile
   653 | D        | Noticed a vile
   653 | D        | Noticed a vile
   654 | D        | Killed a vile
   654 | D        | Killed a vile
   656 | D        | Noticed a vile
   656 | D        | Noticed a vile
   657 | D        | Killed a vile
   657 | D        | Killed a vile
   659 | D        | Noticed a vile
   659 | D        | Killed a vile
   660 | D        | Noticed a vile
   660 | D        | Noticed a vile
   661 | D        | Killed a vile
   661 | D        | Killed a vile
   662 | D        | Noticed a vile
   663 | D        | Killed a vile
   667 | D        | Noticed a vile
   668 | D        | Noticed a vile
   668 | D        | Killed a vile
   668 | D        | Killed a vile
   668 | D        | Noticed a vile
   669 | D        | Killed a vile
   671 | D        | Noticed a vile
   671 | D        | Noticed a vile
   672 | D        | Killed a vile
   672 | D        | Killed a vile
   673 | D        | Noticed a vile
   674 | D        | Killed a vile
   675 | D        | Noticed a vile
   675 | D        | Noticed a vile
   676 | D        | Killed a vile
   676 | D        | Noticed a vile
   677 | D        | Killed a vile
   677 | D        | Noticed a vile
   678 | D        | Killed a vile
   678 | D        | Noticed a vile
   678 | D        | Noticed a vile
   679 | D        | Killed a vile
   679 | D        | Killed a vile
   680 | D        | Noticed a vile
   680 | D        | Killed a vile
   681 | D        | Noticed a vile
   682 | D        | Killed a vile
   683 | D        | Noticed a vile
   683 | D        | Noticed a vile
   684 | D        | Killed a vile
   684 | D        | Killed a vile
   684 | D        | Noticed a vile
   684 | D        | Noticed a vile
   685 | D        | Noticed a vile
   685 | D        | Killed a vile
   685 | D        | Killed a vile
   685 | D        | Killed a vile
   686 | D        | Noticed a vile
   686 | D        | Noticed The Meatlord
   686 | D        | Noticed a vile
   686 | D        | Noticed a vile
   687 | D        | Killed a vile
   687 | D        | Killed The Meatlord
   687 | D        | Killed a vile
   687 | D        | Killed a vile
   687 | D        | Noticed a vile
   688 | D        | Noticed a meat beast
   690 | D        | Killed a vile
   690 | D        | Noticed a vile
   691 | D        | Noticed a vile
   691 | D        | Killed a vile
   691 | D        | Killed a vile
   691 | D        | Noticed a vile
   691 | D        | Noticed a vile
   692 | D        | Killed a vile
   692 | D        | Killed a vile
   692 | D        | Killed a meat beast
   692 | D        | Noticed a vile
   693 | D        | Noticed a vile
   693 | D        | Killed a vile
   693 | D        | Killed a vile
   693 | D        | Noticed a vile
   694 | D        | Killed a vile
   694 | D        | Noticed a vile
   695 | D        | Noticed a vile
   695 | D        | Killed a vile
   695 | D        | Killed a vile
   696 | D        | Noticed a vile
   696 | D        | Killed a vile
   696 | D        | Noticed a vile
   697 | D        | Killed a vile
   698 | D        | Got the Orb of Zot
   699 | D        | Noticed a vile
   699 | D        | Noticed a vile
   700 | D        | Killed a vile
   700 | D        | Killed a vile
   700 | D        | Noticed a vile
   701 | D        | Killed a vile
   701 | D        | Noticed a vile
   702 | D        | Noticed a vile
   702 | D        | Killed a vile
   702 | D        | Killed a vile
   702 | D        | Noticed a vile
   702 | D        | Noticed a vile
   703 | D        | Killed a vile
   703 | D        | Killed a vile
   703 | D        | Noticed a vile
   703 | D        | Noticed a vile
   703 | D        | Noticed a vile
   703 | D        | Noticed a vile
   704 | D        | Noticed a vile
   704 | D        | Noticed a vile
   704 | D        | Noticed a vile
   704 | D        | Noticed a vile
   704 | D        | Noticed a vile
   704 | D        | Noticed a vile
   704 | D        | Noticed a vile
   704 | D        | Noticed a vile
   704 | D        | Noticed a vile
   704 | D        | Noticed a vile
   704 | D        | Noticed a vile
   705 | D        | Killed a vile
   705 | D        | Killed a vile
   705 | D        | Killed a vile
   705 | D        | Killed a vile
   705 | D        | Noticed a vile
   705 | D        | Noticed a vile
   705 | D        | Noticed a vile
   705 | D        | Noticed a vile
   705 | D        | Noticed a vile
   706 | D        | Killed a vile
   706 | D        | Killed a vile
   706 | D        | Killed a vile
   706 | D        | Killed a vile
   706 | D        | Noticed a vile
   706 | D        | Noticed a vile
   707 | D        | Noticed a vile
   707 | D        | Noticed a vile
   708 | D        | Noticed a vile
   708 | D        | Noticed a vile
   708 | D        | Noticed a vile
   708 | D        | Noticed a vile
   708 | D        | Noticed a vile
   708 | D        | Noticed a vile
   710 | D        | Noticed a vile
   710 | D        | Noticed a vile
   711 | D        | Noticed a vile
   711 | D        | Noticed a vile
   711 | D        | Noticed a vile
   711 | D        | Noticed a vile
   711 | D        | Noticed a vile
   711 | D        | Noticed a vile
   711 | D        | Noticed a vile
   711 | D        | Noticed a vile
   711 | D        | Noticed a vile
   711 | D        | Noticed a vile
   712 | D        | Noticed a vile
   712 | D        | Noticed a vile
   712 | D        | Noticed a vile
   712 | D        | Noticed a vile
   712 | D        | Noticed a vile
   713 | D        | Noticed a vile
   713 | D        | Noticed a vile
   713 | D        | Noticed a vile
   713 | D        | Noticed a vile
   713 | D        | Noticed a vile
   715 | D        | Noticed a vile
   716 | D        | Killed a vile
   716 | D        | Killed a vile
   716 | D        | Killed a vile
   716 | D        | Killed a vile
   716 | D        | Noticed a vile
   716 | D        | Noticed a vile
   716 | D        | Noticed a vile
   717 | D        | Noticed a vile
   717 | D        | Noticed a vile
   718 | D        | Killed a vile
   718 | D        | Killed a vile
   718 | D        | Noticed a vile
   718 | D        | Noticed a vile
   718 | D        | Noticed a vile
   719 | D        | Noticed a vile
   719 | D        | Noticed a vile
   720 | D        | Noticed a vile
   720 | D        | Noticed a vile
   720 | D        | Slain by a vile

Illustrated notes

Levels and vault maps discovered:
D:        meatsprint

Skill      XL: |  1  2  3  4  5  6  7  8  9 10 11 12 13 14 15 16 17 18 19 20 21 22 23 24 25 26 27 |
---------------+----------------------------------------------------------------------------------+-----
Axes           | 21 26 27 | 27.0
Fighting       | 15 25 27 | 27.0
Spellcasting   | 16 19 26 27 | 27.0
Stealth        | 26 27 | 27.0
Maces & Flails | 24 27 | 27.0
Armour         | 25 27 | 27.0
Polearms       | 14 22 27 | 27.0
Dodging        | 18 27 | 27.0
Short Blades   | 9 15 18 20 27 | 27.0
Long Blades    | 9 15 18 20 27 | 27.0
Staves         | 9 15 18 20 27 | 27.0
Ranged Weapons | 8 14 17 19 27 | 27.0
Throwing       | 8 14 17 19 27 | 27.0
Shields        | 9 17 20 22 27 | 27.0
Unarmed Combat | 10 17 20 22 27 | 27.0
Invocations    | 9 17 20 22 27 | 27.0
Evocations     | 9 17 20 22 27 | 27.0

Action                   |  1- 3 |  4- 6 |  7- 9 | 10-12 | 13-15 | 16-18 | 19-21 | 22-24 | 25-27 || total
-------------------------+-------+-------+-------+-------+-------+-------+-------+-------+-------++-------
Melee: Executioner's axe |     1 |       |       |     1 |     9 |    12 |    12 |    13 |   711 ||   759
 Cast: Manifold Assault  |       |       |       |       |     1 |     5 |     5 |    13 |   425 ||   449
  Use: Potion            |       |       |       |       |       |       |       |       |     3 ||     3
Dodge: Dodged            |       |       |       |       |       |       |       |       |     1 ||     1
